 Dungeon Crawl Stone Soup version 0.20.0-8-g6b59dc7 (webtiles) character file.

165 straycat the Sneak (level 5, -1/38 HPs)
             Began as a Vampire Wanderer on May 30, 2017.
             Slain by Grinder (2 damage)
             ... on level 3 of the Dungeon.
             The game lasted 00:15:15 (3056 turns).

straycat the Sneak (Vampire Wanderer)               Turns: 3056, Time: 00:15:15

Health: -1/38      AC:  4    Str: 12    XL:     5   Next: 21%
Magic:  1/6        EV: 12    Int: 11    God:
Gold:   150        SH:  0    Dex: 17    Spells: 3/6 levels left

rFire    . . .     SeeInvis +   l - +2 dagger (speed)
rCold    + . .     Gourm    .   (no shield)
rNeg     + + .     Faith    .   n - +0 leather armour
rPois    +         Spirit   .   s - +0 hat
rElec    .         Reflect  .   i - +0 cloak
rCorr    .         Harm     .   (no gloves)
MR       .....                  (no boots)
Stlth    ++++......             (no amulet)
Regen    0.1/turn               (no ring)
MPRegen  0.1/turn               (no ring)

@: very slightly contaminated, regenerating slowly
A: fangs 3, see invisible, unbreathing
a: Bat Form


You were on level 3 of the Dungeon.
You were thirsty.

You visited 1 branch of the dungeon, and saw 3 of its levels.

You collected 150 gold pieces.

Inventory:

Hand Weapons
 l - a +2 dagger of speed (weapon)
 r - a +0 spear
Missiles
 e - 34 sling bullets
 h - 55 bolts
 j - 70 stones (quivered)
 p - 16 poisoned needles
Armour
 i - a +0 cloak (worn)
 n - a +0 leather armour (worn)
 s - a +0 hat (worn)
Scrolls
 g - a scroll of blinking {unknown}
 k - a scroll of teleportation {unknown}
 m - a scroll of amnesia {unknown}
 o - 5 scrolls of identify {unknown}
 t - a scroll of remove curse {unknown}
Potions
 d - a potion of brilliance {unknown}
 f - 21 potions of blood
 q - a potion of haste {unknown}
Books
 a - a book of Conjurations

   Spells                             Type                      Level
   a - Magic Dart                     Conjuration                  1
   b - Searing Ray                    Conjuration                  2
   c - Dazzling Spray                 Conjuration/Hexes            3
   d - Fulminant Prism                Conjuration/Hexes            4
   e - Force Lance                    Conjuration/Translocation    4
   f - Iskenderun's Mystic Blast      Conjuration                  4
 b - the Catalogue of Evil Secrets

   Spells                             Type                      Level
   a - Pain                           Necromancy                   1
   b - Regeneration                   Charms/Necromancy            3


   Skills:
 * Level 2.1 Fighting
 * Level 2.1 Short Blades
 + Level 1.3 Armour
 * Level 2.4 Dodging
 + Level 4.0 Stealth
 + Level 1.1 Spellcasting
 - Level 2.1 Conjurations
   Level 3.0 Hexes
   Level 1.1 Transmutations
   Level 1.0 Air Magic


You had 3 spell levels left.
You knew the following spells:

 Your Spells              Type           Power        Failure   Level  Hunger
a - Magic Dart            Conj           #...         17%         1    ##.....
b - Searing Ray           Conj           #.....       26%         2    ###....


Dungeon Overview and Level Annotations

Branches:
Dungeon (3/15)

Altars:
Dithmenos

Annotations:
D:3 Grinder; smedtjen's ghost, amateur DsAK


Innate Abilities, Weirdness & Mutations

You heal slowly.
You have razor-sharp teeth.
You have supernaturally acute eyesight. (SInv)
You can survive without breathing.


Message History

Grinder hits you.
* * * LOW HITPOINT WARNING * * *
You writhe in agony.
* * * LOW HITPOINT WARNING * * *
Casting: Magic Dart
Confirm with . or Enter, or press ? or * to list all spells.
Okay, then.
Unknown command.
You feel better. Grinder hits you but does no damage.
You barely miss Grinder.
Grinder is severely wounded.
You closely miss Grinder.
Grinder is severely wounded.
Grinder hits you but does no damage.
You closely miss Grinder.
Grinder is severely wounded.
Grinder hits you.
* * * LOW HITPOINT WARNING * * *
Grinder hits you.
You die...

#.....#................##.#.#
#
#.#...#.######...#####.##.#..#
.....%..# #...# #.##.#.#.#
.....#### #...# #........#
####.# #...# ####.# # # #.#
#...# #.# #..># ######5###
#......@.# #.##.###.########
#. #........# . #..###.#.#
#.......# #.# # #..#.........
.. ......###.#. .......# #.#.#
#...$...# #.# .


You could see Grinder.

Vanquished Creatures
  A jelly (D:3)
  3 gnolls
  4 adders
  2 dart slugs
  4 leopard geckos
  A ball python (D:1)
  2 giant cockroaches (D:1)
  7 hobgoblins
  3 jackals (D:3)
  6 kobolds
  3 quokkas (D:2)
  8 bats
  6 frilled lizards
  7 goblins
  5 rats
62 creatures vanquished.

Notes
Turn   | Place    | Note
-------+----------+-------------------------------------------
     0 | D:1      | straycat the Vampire Wanderer began the quest for the Orb.
     0 | D:1      | straycat set off with: a book of Conjurations, the Catalogue of Evil Secrets, a potion of curing, a +0 robe, a +0 dagger, a potion of blood
     0 | D:1      | Reached XP level 1. HP: 13/13 MP: 2/2
     0 | D:1      | Identified the Catalogue of Evil Secrets
    52 | D:1      | Learned a level 1 spell: Magic Dart
   919 | D:1      | Reached XP level 2. HP: 15/20 MP: 0/3
   999 | D:1      | Reached skill level 1 in Dodging
  1451 | D:2      | Reached XP level 3. HP: 21/25 MP: 0/4
  1482 | D:2      | Found a shadowy altar of Dithmenos.
  1689 | D:2      | Reached skill level 1 in Short Blades
  1753 | D:2      | Reached skill level 1 in Fighting
  1753 | D:2      | Reached skill level 1 in Armour
  2014 | D:2      | Reached XP level 4. HP: 30/32 MP: 1/5
  2559 | D:3      | Noticed smedtjen's ghost (amateur DsAK)
  2623 | D:3      | Reached skill level 4 in Stealth
  2626 | D:3      | Noticed Grinder
  2629 | D:3      | Reached XP level 5. HP: 38/38 MP: 6/6
  2642 | D:3      | Learned a level 2 spell: Searing Ray
  3050 | D:3      | HP: 1/38 [Grinder (1)]
  3055 | D:3      | HP: 1/38 [Grinder (6)]
  3056 | D:3      | Slain by Grinder

Skill      XL: |  1  2  3  4 |
---------------+-------------+-----
Dodging        | 1 2 |  2.4
Short Blades   | 1 2 |  2.1
Fighting       | 1 2 |  2.1
Armour         | 1 |  1.3
Stealth        | 4 |  4.0
Spellcasting   | |  1.1
Conjurations   | |  2.1
Hexes          | |  3.0
Transmutations | |  1.1
Air Magic      | |  1.0

Action                   |  1- 3 |  4- 6 || total
-------------------------+-------+-------++-------
Melee: Dagger            |   135 |    91 ||   226
       Bite              |    11 |    13 ||    24
 Cast: Magic Dart        |    34 |    14 ||    48
       Searing Ray       |       |     3 ||     3
  Use: Potion            |     1 |     3 ||     4
 Stab: Sleeping          |     3 |     4 ||     7
  Eat: Corpse            |     2 |     1 ||     3
Armor: Robe              |    20 |       ||    20
       Leather armour    |    11 |    11 ||    22
Dodge: Dodged            |    69 |    32 ||   101
